 Dungeon Crawl Stone Soup version 0.19.1 (webtiles) character file.

578 empire the Poker (level 7, 0/54 HPs)
             Began as a Merfolk Gladiator on Dec 7, 2016.
             Was a Follower of Ashenzari.
             Slain by a sky beast (5 damage)
             ... on level 5 of the Dungeon.
             The game lasted 00:20:55 (5334 turns).

empire the Poker (Merfolk Gladiator)                Turns: 5334, Time: 00:20:56

Health: 0/54       AC:  6    Str: 16    XL:     7   Next: 36%
Magic:  7/7        EV: 15    Int:  7    God:    Ashenzari [*.....]
Gold:   245        SH:  0    Dex: 16    Spells: 0 memorised, 6 levels left

rFire  . . .     SeeInvis .     a - +1 trident (curse)
rCold  . . .     Gourm    .     b - +0 leather armour
rNeg   . . .     Faith    .     (no shield)
rPois  .         Spirit   .     c - +1 helmet (curse)
rElec  .         Reflect  .     (no cloak)
rCorr  .         Harm     .     (no gloves)
MR     .....                    k - +0 pair of boots (curse)
Stlth  ++........               (no amulet)
                                (no ring)
                                (no ring)

@: no status effects
A: change form in water, swift swim, stealthy swim
a: Curse Item, Scrying, Renounce Religion


You were on level 5 of the Dungeon.
You worshipped Ashenzari.
Ashenzari was aware of your devotion.
You were not hungry.

You visited 1 branch of the dungeon, and saw 6 of its levels.

You collected 245 gold pieces.

Inventory:

Hand Weapons
 a - a cursed +1 trident (weapon)
 g - a +3 dagger
 o - a +0 long sword
 y - a +2 dagger of draining
Missiles
 d - 3 throwing nets (quivered)
 h - 97 arrows
 p - 40 bolts
 t - 11 javelins
Armour
 b - a +0 leather armour (worn)
 c - a cursed +1 helmet (worn)
 e - a +0 ring mail
 k - a cursed +0 pair of boots (worn)
 w - a +0 scale mail
Jewellery
 j - an uncursed ring of resist corrosion
 v - an uncursed ring of protection from magic
Wands
 x - a wand of random effects (5/48)
Scrolls
 i - a scroll of magic mapping
 n - a scroll of remove curse
 r - a scroll of recharging
 s - 2 scrolls of identify
Books
 u - a book of Maledictions

   Spells                             Type                      Level
   a - Corona                         Hexes                        1
   b - Ensorcelled Hibernation        Hexes/Ice                    2
   c - Confuse                        Hexes                        3
   d - Tukima's Dance                 Hexes                        3
   e - Dazzling Spray                 Conjuration/Hexes            3
Comestibles
 f - 3 bread rations
 l - 2 meat rations
 m - 2 chunks of flesh


   Skills:
 + Level 4.0 Fighting
 + Level 6.6 Polearms
 - Level 2.5 Throwing
 - Level 2.0 Armour
 + Level 5.9 Dodging
 + Level 4.0 Stealth


You had 6 spell levels left.
You didn't know any spells.

Dungeon Overview and Level Annotations

Branches:
Dungeon (6/15)
 Temple: D:4-7

Altars:
Ashenzari
Dithmenos
Hepliaklqana
Nemelex Xobeh
Okawaru
Uskayaw
Vehumet
Xom
Beogh

Annotations:
D:4 Blork the orc, Grinder
D:5 Dowan, Duvessa, Sigmund


Message History

Evoke which item? (* to show all) (? for menu, Esc to quit)
Zapping:
x - a wand of random effects {zapped: 15} (will waste charges)
Press: ? - help, Shift-Dir - straight line, f/p - phantom
Aim: a phantom (fast)
The phantom easily resists.
Evoking this partially-identified wand wasted a few charges.
The phantom closely misses you. The sky beast closely misses you.
The phantom blinks!
You hit the sky beast.
The sky beast is severely wounded.
The sky beast misses you.
You closely miss the sky beast.
The sky beast is severely wounded.
The sky beast hits you but does no damage.
You hit the sky beast.
The sky beast is severely wounded.
The phantom blinks!
The sky beast hits you.
* * * LOW HITPOINT WARNING * * *
The sky beast shocks you.
You die...

####### ######### #.....#
#$...S... #.....# #........
#.....# #......#
#######.....#########..[...#
.....##...(.§...@YS........#
####.##.....#########......#
##.#.##.....#### #......#
...#....>........ .......#
##.############## ##......#
#.#...# #......# #.....#
############ ###.###
#....)....# ♣ #.#
#.....###.## .♣♣


You could see a sky beast and an adder.

Vanquished Creatures
  A centaur (D:5)
  2 hounds (D:5)
  3 orc priests (D:3)
  2 orc wizards (D:3)
  An iguana (D:5)
  Natasha (D:2)
  3 worker ants (D:4)
  The ghost of dscm the Digger, a weakling GrEE (D:4)
  A hound skeleton (D:5)
  A howler monkey skeleton (D:5)
  4 adders (D:3)
  2 oozes
  2 worms
  A dart slug (D:1)
  2 leopard geckos
  5 orcs (D:3)
  7 giant cockroaches
  6 hobgoblins
  10 jackals
  A ball python (D:1)
  6 bats
  3 frilled lizards
  6 goblins
  5 kobolds
  12 rats
88 creatures vanquished.

Vanquished Creatures (others)
  An orc priest (D:3)
1 creature vanquished.

Grand Total: 89 creatures vanquished

Notes
Turn   | Place    | Note
-------+----------+-------------------------------------------
     0 | D:1      | empire the Merfolk Gladiator began the quest for the Orb.
     0 | D:1      | Reached XP level 1. HP: 16/16 MP: 1/1
   248 | D:1      | Reached XP level 2. HP: 22/22 MP: 2/2
   497 | D:1      | Reached skill level 1 in Stealth
   972 | D:1      | Reached XP level 3. HP: 27/28 MP: 3/3
  1430 | D:2      | Found a shimmering altar of Xom.
  1437 | D:2      | Found a hide-covered altar of Uskayaw.
  1442 | D:2      | Found a sparkling altar of Nemelex Xobeh.
  1449 | D:2      | Found an iron altar of Okawaru.
  1454 | D:2      | Found a hazy altar of Hepliaklqana.
  1465 | D:2      | Found a shadowy altar of Dithmenos.
  1485 | D:2      | Found a radiant altar of Vehumet.
  1695 | D:2      | Noticed Natasha
  1707 | D:2      | Killed Natasha
  1707 | D:2      | Reached XP level 4. HP: 15/34 MP: 4/4
  1908 | D:2      | Found a shattered altar of Ashenzari.
  1922 | D:2      | Became a worshipper of Ashenzari the Shackled
  2162 | D:3      | Reached skill level 1 in Armour
  2231 | D:3      | Reached skill level 5 in Polearms
  2245 | D:3      | Reached XP level 5. HP: 15/40 MP: 5/5
  3043 | D:3      | Found a roughly hewn altar of Beogh.
  3063 | D:3      | Reached skill level 5 in Dodging
  3063 | D:3      | Reached XP level 6. HP: 37/47 MP: 6/6
  3698 | D:4      | Reached skill level 6 in Polearms
  3924 | D:4      | Noticed dscm's ghost (weakling GrEE)
  3941 | D:4      | Killed dscm's ghost
  4211 | D:4      | Noticed Blork the orc
  4322 | D:4      | Noticed Grinder
  4344 | D:4      | Paralysed by Grinder for 3 turns
  4349 | D:4      | Paralysed by Grinder for 4 turns
  4361 | D:4      | Paralysed by Grinder for 2 turns
  4567 | D:5      | Entered Level 5 of the Dungeon
  4588 | D:5      | Reached XP level 7. HP: 30/53 MP: 7/7
  5008 | D:5      | Noticed Sigmund
  5047 | D:5      | Reached * piety under Ashenzari
  5209 | D:5      | Noticed Duvessa
  5215 | D:5      | Noticed Dowan
  5334 | D:5      | Slain by a sky beast

Skill      XL: |  1  2  3  4  5  6  7 |
---------------+----------------------+-----
Stealth        | 1 2 3 4 |  4.0
Armour         | 1 2 |  2.0
Polearms       | 5 6 |  6.6
Fighting       | 3 4 |  4.0
Dodging        | 5 |  5.9
Throwing       | |  2.5

Action                   |  1- 3 |  4- 6 |  7- 9 || total
-------------------------+-------+-------+-------++-------
Melee: Trident           |   100 |   238 |    55 ||   393
       Tailslap          |     2 |       |       ||     2
Invok: Curse Item        |       |     2 |       ||     2
Evoke: Wand              |       |       |     7 ||     7
  Use: Scroll            |       |     8 |     2 ||    10
       Potion            |       |     4 |     3 ||     7
 Stab: Sleeping          |     3 |     6 |     1 ||    10
       Invisible         |       |     2 |       ||     2
       Distracted        |       |     1 |       ||     1
  Eat: Chunk             |     2 |     7 |     1 ||    10
       Meat ration       |       |     1 |       ||     1
Armor: Leather armour    |    21 |    47 |    24 ||    92
       Skin              |       |     3 |       ||     3
Dodge: Dodged            |    74 |   158 |    49 ||   281
